 Dungeon Crawl Stone Soup version 0.19-a0-1111-gcceb26a (webtiles) character file.

9073 st0uf the Fighter (level 11, -2/106 HPs)
             Began as a Naga Fighter on Aug 11, 2016.
             Was an Elder of Dithmenos.
             Slain by epen's ghost (10 damage)
             ... on level 1 of the Lair of Beasts on Aug 12, 2016.
             The game lasted 00:55:39 (10910 turns).

st0uf the Fighter (Naga Fighter)                   Turns: 10910, Time: 00:55:40

Health: -2/106     AC: 20    Str: 22    XL:     11   Next: 40%
Magic:  11/11      EV:  7    Int:  8    God:    Dithmenos [****..]
Gold:   927        SH: 11    Dex: 14    Spells: 0 memorised, 10 levels left

rFire  . . .     SeeInvis +     a - +0 long sword
rCold  . . .     Gourm    .     T - +0 plate armour
rNeg   . . .     Faith    .     c - +0 shield
rPois  +         Spirit   .     D - +0 helmet
rElec  .         Dismiss  .     r - +0 cloak
rCorr  .         Reflect  .     B - +0 pair of gloves
SustAt .         Harm     .     (no barding)
MR     +....                    (no amulet)
Stlth  ..........               K - +4 ring of protection
                                h - +3 ring of strength

@: wreathed by umbra, very slow
A: see invisible, deformed body, poison resistance, slowness 2, slow metabolism
1, spit poison 2, AC +3
a: Spit Poison, Shadow Step, Renounce Religion


You were on level 1 of the Lair of Beasts.
You worshipped Dithmenos.
Dithmenos was greatly pleased with you.
You were not hungry.

You visited 2 branches of the dungeon, and saw 11 of its levels.

You collected 927 gold pieces.

Inventory:

Hand Weapons
 a - a +0 long sword (weapon)
 e - a +2 dagger of venom
Armour
 c - a +0 shield (worn)
 r - a +0 cloak (worn)
 B - a +0 pair of gloves (worn)
 D - a +0 helmet (worn)
 T - a +0 plate armour (worn)
Jewellery
 g - an uncursed ring of fire
 h - a +3 ring of strength (left hand)
 m - an uncursed ring of protection from fire
 n - an uncursed ring of protection from cold
 G - an uncursed ring of ice
 K - a +4 ring of protection (right hand)
Wands
 b - a wand of lightning (3/15)
 F - a wand of random effects (22/48)
 J - a wand of polymorph (7/24)
 L - a wand of acid (0/15)
 M - a wand of flame (26/48)
 P - a wand of lightning (2/15)
 Q - a wand of disintegration (10/24)
Scrolls
 o - 5 scrolls of magic mapping {unknown}
 q - 7 scrolls of identify
 t - 2 scrolls of amnesia {unknown}
 u - 6 scrolls of teleportation {unknown}
 v - a scroll of fear {unknown}
 w - 5 scrolls of remove curse
 x - 2 scrolls of blinking {unknown}
 z - 2 scrolls of random uselessness {unknown}
 H - 2 scrolls of recharging {unknown}
 R - a scroll of enchant armour {unknown}
Potions
 d - 3 potions of might
 i - 2 potions of haste {unknown}
 j - a potion of brilliance {unknown}
 k - 5 potions of curing
 l - 6 potions of degeneration {unknown}
 p - 3 potions of agility
 A - a potion of mutation {unknown}
 C - a potion of invisibility {unknown}
 I - 2 potions of lignification {unknown}
 O - a potion of berserk rage {unknown}
Books
 y - a book of Minor Magic

   Spells                             Type                      Level
   a - Magic Dart                     Conjuration                  1
   b - Blink                          Translocation                2
   c - Call Imp                       Summoning                    2
   d - Repel Missiles                 Charms/Air                   2
   e - Slow                           Hexes                        2
   f - Conjure Flame                  Conjuration/Fire             3
   g - Mephitic Cloud                 Conjuration/Poison/Air       3
 V - a Necronomicon

   Spells                             Type                      Level
   a - Haunt                          Necromancy/Summoning         7
   b - Borgnjor's Revivification      Necromancy                   8
   c - Death's Door                   Charms/Necromancy            8
   d - Infestation                    Necromancy                   8
   e - Necromutation                  Transmutation/Necromancy     8
Comestibles
 f - 10 bread rations
 s - 2 meat rations
 E - 5 fruits
 U - 8 slices of pizza


   Skills:
 * Level 9.4 Fighting
 + Level 5.5 Long Blades
 + Level 7.4 Armour
 + Level 5.4 Dodging
 + Level 1.9 Stealth
 + Level 8.3 Shields
 + Level 0.2 Evocations


You had 10 spell levels left.
You didn't know any spells.

Dungeon Overview and Level Annotations

Branches:
Dungeon (10/15)            Temple (0/1) D:6            Lair (1/6) D:8
    Orc (0/2) D:10

Altars:
Cheibriados
Dithmenos
Elyvilon
Fedhas
Hepliaklqana
Makhleb
Ru
Zin

Portals:
Trove: D:10 (show abyssal rune of Zot)

Annotations:
Lair:1 epen's ghost, novice FeMo


Innate Abilities, Weirdness & Mutations

You cannot wear boots.
Your serpentine skin is tough. (AC +3)
You have supernaturally acute eyesight. (SInv)
Armour fits poorly on your strangely shaped body.
Your system is resistant to poisons. (rPois)
You cover ground very slowly.
You have a slow metabolism.
You can spit poison.


Message History

Epen's ghost is lightly damaged.
You block epen's ghost's attack.
You hit epen's ghost.
Epen's ghost is lightly damaged.
You block epen's ghost's attack.
Your plate armour prevents you from hitting epen's ghost.
Epen's ghost is lightly damaged.
Epen's ghost barely misses you.
You slash epen's ghost!
Epen's ghost is heavily damaged.
Epen's ghost hits you but does no damage.
You completely miss epen's ghost.
Epen's ghost is heavily damaged.
Epen's ghost hits you!
* * * LOW HITPOINT WARNING * * *
You block epen's ghost's attack.
You closely miss epen's ghost.
Epen's ghost is moderately damaged.
Epen's ghost hits you!
You die...

#.##### #..#.###.##.#.#..# #.^#
#####.....##.#...#...##
#.####..........#..#.#.....#
#.###......................##
#.##.....≈....(....#.P......#
#.##....≈≈≈≈..........#...###
#.##|...≈≈≈≈≈≈...........##
##......≈≈≈≈≈≈........###.#
#P......≈≈≈≈≈≈@.......###.#
##......≈≈≈≈≈≈W.......#.#.#####
####...≈≈≈≈≈≈≈..P.............
##...≈≈≈≈≈≈≈..#.............
#......≈≈≈≈≈..#....#......#.
##......≈≈.....#..###....##.
##...........#...##.#.#.###
#.####.##.##.#..####...# # #.##
#....#.##..# #...###


You could see epen's ghost.

Vanquished Creatures
  Pikel (D:9)
  Maurice (D:10)
  A spiny frog (Lair:1)
  A komodo dragon (Lair:1)
  3 blink frogs
  A wraith (D:10)
  6 yaks (Lair:1)
  A wyvern (D:9)
  The ghost of WhatIsLove the Changer, an amateur DrTm (D:4)
  2 hippogriffs (D:8)
  A hungry ghost (D:7)
  The ghost of Multipenetrator the Charmwright, an amateur HESk of Nemelex Xobeh (D:3)
  A porcupine (Lair:1)
  A water moccasin (D:5)
  An orc warrior (D:6)
  2 sky beasts
  2 black bears (D:9)
  3 ice beasts
  A necrophage (D:5)
  4 ogres
  2 phantoms
  6 centaurs
  2 big kobolds
  5 giant frogs
  5 scorpions
  A wyvern skeleton (D:6)
  14 killer bees
  15 wights
  An electric eel (Lair:1)
  A howler monkey (D:6)
  3 crimson imps
  A centaur zombie (D:6)
  2 jellies
  2 giant frog zombies
  5 hounds
  2 quasits (D:9)
  3 orc priests (D:9)
  4 orc wizards
  4 centaur skeletons
  3 giant frog skeletons (D:8)
  An iguana (D:8)
  6 worker ants
  A hound zombie (D:8)
  3 hound skeletons
  A worker ant zombie (D:8)
  10 adders
  2 shadow imps
  An adder zombie (D:4)
  2 adder skeletons (D:9)
  2 worms (D:3)
  5 dart slugs
  10 giant geckos
  31 orcs
  7 giant cockroaches
  10 goblins
  7 hobgoblins
  9 jackals
  18 kobolds
  5 quokkas
  2 ball pythons
  5 bats
  A giant gecko skeleton (D:7)
  19 giant newts
  A quokka skeleton (D:7)
  A quokka zombie (D:6)
  10 rats
  A fungus (D:8)
287 creatures vanquished.

Vanquished Creatures (others)
  A deep elf mage (D:9)
  A human (D:9)
  A hungry ghost (D:9)
  An ice beast (D:9)
  3 slaves (D:9)
  An ogre (D:9)
  2 wights (D:9)
  A wasp zombie (D:9)
  An orc priest (D:9)
  2 orc wizards
  An orc (D:9)
  A quokka (D:9)
16 creatures vanquished.

Grand Total: 303 creatures vanquished

Notes
Turn   | Place    | Note
-------+----------+-------------------------------------------
     0 | D:1      | st0uf the Naga Fighter began the quest for the Orb.
     0 | D:1      | Reached XP level 1. HP: 21/21 MP: 1/1
    54 | D:1      | Reached XP level 2. HP: 21/28 MP: 2/2
   502 | D:1      | Reached XP level 3. HP: 23/34 MP: 3/3
  1358 | D:2      | Found a faded altar of an unknown god.
  1365 | D:2      | Became a worshipper of Dithmenos the Shadowed
  1365 | D:2      | Reached * piety under Dithmenos
  1460 | D:2      | Reached XP level 4. HP: 42/42 MP: 4/4
  1508 | D:2      | Found a snail-covered altar of Cheibriados.
  1519 | D:2      | Found a sacrificial altar of Ru.
  1616 | D:2      | Found a hazy altar of Hepliaklqana.
  1628 | D:2      | Found a blossoming altar of Fedhas.
  1749 | D:3      | Reached skill level 1 in Dodging
  1801 | D:3      | Reached ** piety under Dithmenos
  1831 | D:3      | Noticed Multipenetrator's ghost (amateur HESk)
  1860 | D:3      | Killed Multipenetrator's ghost
  1860 | D:3      | Reached XP level 5. HP: 29/50 MP: 5/5
  1860 | D:3      | Reached XP level 6. HP: 34/57 MP: 6/6
  2043 | D:3      | Reached skill level 4 in Fighting
  2228 | D:4      | Noticed WhatIsLove's ghost (amateur DrTm)
  2586 | D:4      | Noticed a phantom
  2620 | D:4      | Killed a phantom
  2831 | D:4      | Killed WhatIsLove's ghost
  2831 | D:4      | Reached XP level 7. HP: 29/66 MP: 7/7
  3342 | D:5      | Entered Level 5 of the Dungeon
  3663 | D:5      | Reached skill level 5 in Fighting
  3667 | D:5      | HP: 2/67 [centaur skeleton (4)]
  3768 | D:5      | Reached XP level 8. HP: 15/74 MP: 8/8
  4108 | D:5      | Found a glowing silver altar of Zin.
  4322 | D:5      | Reached skill level 5 in Shields
  4670 | D:5      | Reached skill level 5 in Armour
  4804 | D:6      | Found a white marble altar of Elyvilon.
  4829 | D:6      | Reached skill level 6 in Fighting
  4845 | D:6      | Reached XP level 9. HP: 67/81 MP: 9/9
  4848 | D:6      | Reached *** piety under Dithmenos
  5402 | D:6      | Found a staircase to the Ecumenical Temple.
  5653 | D:7      | You fall through a shaft for 2 floors!
  5653 | D:9      | Noticed Pikel
  5675 | D:9      | Killed Pikel
  5675 | D:9      | Reached skill level 7 in Fighting
  5894 | D:8      | Reached XP level 10. HP: 93/93 MP: 10/10
  5984 | D:7      | Reached **** piety under Dithmenos
  6095 | D:7      | Found a burning altar of Makhleb.
  6104 | D:7      | Reached skill level 1 in Stealth
  6383 | D:7      | Reached skill level 5 in Dodging
  6458 | D:8      | Found a staircase to the Lair.
  6814 | D:8      | Reached skill level 8 in Fighting
  6995 | D:8      | Reached skill level 5 in Long Blades
  7341 | D:9      | Killed a deep elf mage
  8357 | D:10     | Entered Level 10 of the Dungeon
  8950 | D:10     | Found a staircase to the Orcish Mines.
  9060 | D:10     | Reached ***** piety under Dithmenos
  9064 | D:10     | Noticed Maurice
  9087 | D:10     | Killed Maurice
  9087 | D:10     | Reached skill level 9 in Fighting
  9087 | D:10     | Reached XP level 11. HP: 105/105 MP: 11/11
  9173 | D:10     | Found a portal to a secret trove of treasure.
  9264 | Lair:1   | Entered Level 1 of the Lair of Beasts
  9766 | Lair:1   | HP: 4/106 [yak (5)]
 10160 | Lair:1   | Noticed epen's ghost (novice FeMo)
 10910 | Lair:1   | Slain by epen's ghost

Vault maps used:
D:1:      dpeg_arrival_arbitrary_b, minmay_newt_pond
D:2:      grunt_temple_overflow_holy_war, nicolae_overflow_quartered_altars,
          first_bread, ecumenical_altar_1, hangedman_decor_peaks_small
D:5:      zin_academy
D:6:      lemuel_crystal_altar
D:7:      lemuel_crystal_altar
D:8:      dpeg_oklobed_lair
D:9:      grunt_pizzeria, guppyfry_early_elven_hall, uniq_pikel
D:10:     orc_0_dummy, enter_trove_6, uniq_maurice
Lair:1:   infiniplex_staircase_pool

Skill      XL: |  1  2  3  4  5  6  7  8  9 10 11 |
---------------+----------------------------------+-----
Armour         | 3 4 5 6 7 |  7.4
Shields        | 3 4 5 6 7 8 |  8.3
Dodging        | 1 2 3 4 5 |  5.4
Fighting       | 4 5 6 7 9 |  9.4
Long Blades    | 3 4 5 |  5.5
Stealth        | 1 |  1.9
Evocations     | |  0.2

Action                   |  1- 3 |  4- 6 |  7- 9 | 10-12 || total
-------------------------+-------+-------+-------+-------++-------
Melee: Long sword        |    52 |   111 |   186 |   436 ||   785
       Dagger            |    66 |    92 |   250 |   459 ||   867
 Abil: Spit Poison       |     9 |     1 |     6 |    13 ||    29
Evoke: Wand              |       |       |       |     4 ||     4
  Use: Scroll            |     2 |       |     1 |       ||     3
       Potion            |       |       |     2 |     1 ||     3
  Eat: Chunk             |     2 |     4 |     9 |    13 ||    28
       Royal jelly       |       |       |     1 |     1 ||     2
       Pizza             |       |       |     1 |       ||     1
       Beef jerky        |       |       |     1 |       ||     1
Armor: Scale mail        |    27 |    85 |   152 |    65 ||   329
       Plate armour      |       |       |       |   342 ||   342
Dodge: Dodged            |    25 |    56 |   135 |   257 ||   473
Block: Shield            |    51 |   113 |   223 |   484 ||   871
